 Dungeon Sprint DCSS version 0.31-a0-667-g39726597b9 (webtiles) character file.

Game seed: 16860581963330699797

1054 sircluck the Grappler (level 8, -1/138 HPs)
             Began as a Troll Berserker on Sept 3, 2023.
             Was an Elder of Trog.
             Slain by a boulder beetle (23 damage)
             ... in the Dungeon (Sprint II: "The Violet Keep of Menkaure").
             The game lasted 00:01:35 (199 turns).

sircluck the Grappler (Troll Berserker)              Turns: 199, Time: 00:01:36

Health: -1/138     AC:  4    Str: 26 (27) XL:     8   Next: 5%
Magic:  7/7        EV: 13    Int:  1 (2)  God:    Trog [****..]
Gold:   617        SH:  0    Dex: 12 (13) Spells: 7/7 levels left

rFire   + .          .
                       - Unarmed
rCold   . . .        (no shield)
rNeg    . . .        a - +0 animal skin
rPois   .            (helmet restricted)
rElec   .            (no cloak)
rCorr   .            (gloves unavailable)
SInv    .            (boots unavailable)
Will    +....        (no amulet) Stlth
                     (no ring)
HPRegen 1.23/turn    (no ring)
MPRegen 0.10/turn

%: no teleportation
@: berserking, very quick
A: large, unfitting armour, claws 3, regeneration 1, shaggy fur 1, tough skin 1,
agile 1, deterioration 1, fire resistance 1, strong-willed 1
a: Renounce Religion, Berserk, Trog's Hand, Brothers in Arms


You were in the Dungeon.
You worshipped Trog.
Trog was greatly pleased with you.
You visited 1 branch You collected 729 gold pieces.
You spent 112 gold pieces at shops.

Inventory:

Armour
 a - a +0 animal skin (worn)
Scrolls
 g - a scroll of blinking
Potions
 b - a potion of curing
 c - a potion of heal wounds
 d - a potion of haste
 e - 2 potions of magic
 f - a potion of berserk rage


   Skills:
 + Level 9.1 Fighting
 + Level 9.0 Dodging
 + Level 10.7 Unarmed Combat


You had 7 spell levels left.
You didn't know any spells.
Your spell library was empty.

Dungeon Overview and Level Annotations

Branches:
Dungeon (1/1)

Altars:

Shops:
D !=:=(!*[[[:([?:

Annotations:
D exclusion: oklob plant


Innate Abilities, Weirdness & Mutations

You are too large for most types of armour.
You have claws for hands.
Your natural rate of healing is unusually fast.
You are covered in fur. (AC +1)
You have tough skin. (AC +1)
You are agile. (Dex +4, Str/Int -1)
Your body sometimes deteriorates upon taking damage.
Your flesh is heat resistant. (rF+)
You are strong-willed. (Will+)


Message History

No target in view!
No target in view!
No target in view!
No target in view!
No target in view!
No target in view!
No target in view!
No target in view!
No target in view!
You now have 617 gold pieces (gained 243).
You see here a worm corpse.
You see here a worm corpse.
There is an open door here.
There is a staircase leading out of the dungeon here.
As you open the door, it creaks loudly!
The boulder beetle leaps!
The boulder beetle curls into a ball and begins rolling!
The boulder beetle barely misses you.
There is a staircase leading out of the dungeon here.
You mangle the boulder beetle!!
The boulder beetle is moderately wounded.
You claw the boulder beetle!
The boulder beetle is heavily wounded.
The boulder beetle bites you! The boulder beetle hits you!!
Your body deteriorates!
You feel dopey.
The boulder beetle stops rolling and uncurls.
You scratch the boulder beetle but do no damage.
The boulder beetle is heavily wounded.
The boulder beetle bites you!
Your body deteriorates!
You feel weakened. The boulder beetle barely misses you.
A red film seems to cover your vision as you go berserk!
You feel yourself moving faster!
You feel mighty! The boulder beetle bites you. The boulder beetle bites you!!
* * * LOW HITPOINT WARNING * * *
Your body deteriorates!
You feel clumsy.
You mangle the boulder beetle!!
The boulder beetle is severely wounded.
The boulder beetle bites you!!
You die...

##########~~#+++#
#########~~~....
.......∩#~~~~.## ##
∩.....∩.#~~~~##. $##
.∩...∩..#~~~~#.. ..
∩.∩.∩.∩.#~~### .#. ###
.∩.∩.∩..#~##.###'###.##
..∩.∩...#~#.#.##B##...#
...⌠....†~'.##'.@.'†##+
........#~#..###B####
▓▓▓▓▓▓###~##.###'##
$SD######~~####...##
|.S#s ##~~~#..#).#
∩PS+.$ +#~##...##
$$.#(## ~~##+##
($$###.~ ~~


You could see 2 boulder beetles.

Vanquished Creatures
  A merfolk siren (D)
  4 neqoxecs (D)
  Menkaure (D)
  A water moccasin (D)
  2 worms (D)
9 creatures vanquished.

Notes
Turn   | Place    | Note
-------+----------+-------------------------------------------
     0 | D        | sircluck the Troll Berserker began the quest for the Orb.
     0 | D        | Reached XP level 1. HP: 22/22 MP: 0/0
     1 | D        | Noticed a boulder beetle
     1 | D        | Noticed a boulder beetle
     5 | D        | Noticed a neqoxec
    13 | D        | Killed a neqoxec
    14 | D        | Reached skill level 5 in Fighting
    14 | D        | Reached skill level 5 in Dodging
    14 | D        | Reached skill level 6 in Unarmed Combat
    14 | D        | Reached XP level 2. HP: 35/35 MP: 1/1
    14 | D        | Reached XP level 3. HP: 42/42 MP: 2/2
    14 | D        | Reached XP level 4. HP: 50/50 MP: 3/3
    16 | D        | Noticed a neqoxec
    17 | D        | Noticed a neqoxec
    17 | D        | Noticed a neqoxec
    23 | D        | Killed a neqoxec
    23 | D        | Gained mutation: Your body sometimes deteriorates upon
                  | taking damage. [a neqoxec]
    24 | D        | Reached skill level 7 in Unarmed Combat
    24 | D        | Reached XP level 5. HP: 61/61 MP: 4/4
    24 | D        | Gained mutation: You occasionally lose the ability to read
                  | scrolls when taking damage. [a neqoxec]
    25 | D        | Killed a neqoxec
    25 | D        | Reached ** piety under Trog
    26 | D        | Reached skill level 8 in Unarmed Combat
    26 | D        | Reached XP level 6. HP: 71/71 MP: 5/5
    26 | D        | Gained mutation: Your body often deteriorates upon taking
                  | damage. [a neqoxec]
    32 | D        | Gained mutation: Your magical capacity is low. (-10% MP) [a
                  | neqoxec]
    36 | D        | Killed a neqoxec
    37 | D        | Reached skill level 9 in Unarmed Combat
    39 | D        | Found Synoez's Antique Armour Emporium.
    39 | D        | Found Jiskan's Antique Weapon Emporium.
    39 | D        | Found Werraer's Magic Scroll Emporium.
    39 | D        | Found Foennon's Antique Armour Shoppe.
    39 | D        | Found Ycseq's Book Shoppe.
    40 | D        | Found Gupnath's Antique Armour Shoppe.
    40 | D        | Found Eriotsad's Antique Armour Shoppe.
    40 | D        | Found Limiyq's Book Shoppe.
    41 | D        | Found Obbyg's Assorted Antiques.
    41 | D        | Found Ruusuzus's Distillery.
    41 | D        | Noticed a water moccasin
    42 | D        | Noticed a water moccasin
    43 | D        | Found Lekex's Weapon Emporium.
    43 | D        | Found Sytz's Jewellery Shoppe.
    43 | D        | Noticed Menkaure
    43 | D        | Noticed an oklob plant
    43 | D        | Noticed a water moccasin
    49 | D        | Killed Menkaure
    49 | D        | Reached *** piety under Trog
    50 | D        | Reached XP level 7. HP: 59/80 MP: 5/5
    54 | D        | Found Ypsycwou's Jewellery Shoppe.
    54 | D        | Found Edyechu Kiekh's Book Shoppe.
    54 | D        | Found Jedechieq's Distillery.
    56 | D        | Noticed an ice dragon
    58 | D        | Noticed a redback
    67 | D        | Bought a potion of mutation for 112 gold pieces
    67 | D        | Lost mutation: You occasionally lose the ability to read
                  | scrolls when taking damage. [potion of mutation]
    67 | D        | Lost mutation: Your body often deteriorates upon taking
                  | damage. [potion of mutation]
    67 | D        | Lost mutation: Your magical capacity is low. (-10% MP)
                  | [potion of mutation]
    67 | D        | Gained mutation: Your flesh is heat resistant. (rF+)
                  | [potion of mutation]
    67 | D        | Gained mutation: You are strong-willed. (Will+) [potion of
                  | mutation]
    67 | D        | Gained mutation: You are agile. (Dex +4, Str/Int -1)
                  | [potion of mutation]
   153 | D        | Noticed a merfolk siren
   161 | D        | Killed a merfolk siren
   162 | D        | Reached skill level 10 in Unarmed Combat
   162 | D        | Reached XP level 8. HP: 66/92 MP: 7/7
   178 | D        | Reached **** piety under Trog
   199 | D        | Slain by a boulder beetle

Illustrated notes

Levels and vault maps discovered:
D:        the_violet_keep_of_menkaure [sprint2_stairs_cluster_1,
          sprint2_shoproom, sprint2_temple, sprint2_basic_supplies,
          sprint2_obstacle_1, sprint2_obstacle_3, sprint2_obstacle_7,
          sprint2_obstacle_6, sprint2_obstacle_5, sprint2_timed_cluster_1,
          sprint2_smallroom_cluster_1, sprint2_smallroom_final_cluster_1,
          sprint2_transparent_cluster_1, sprint2_second_timed_cluster_1,
          sprint2_sniper_area_1, sprint2_heavy_combat_area_1,
          sprint2_mutation_trap_area_1, sprint2_forest_area_1,
          sprint2_light_combat_area_1, sprint2_behind_water_1,
          sprint2_near_end_vault_1]

Skill      XL: |  1  2  3  4  5  6  7 |
---------------+----------------------+-----
Fighting       | 5 6 7 8 9 |  9.1
Dodging        | 5 6 7 8 9 |  9.0
Unarmed Combat | 6 7 8 9 10 | 10.7

Action                     |  1- 3 |  4- 6 |  7- 9 || total
---------------------------+-------+-------+-------++-------
  Melee: Unarmed           |     6 |    22 |    22 ||    50
         Punch             |       |     2 |       ||     2
 Invoke: Berserk           |     1 |       |     1 ||     2
    Use: Potion            |       |       |     1 ||     1
 Armour: Animal skin       |       |    13 |    14 ||    27
  Dodge: Dodged            |     2 |     9 |    10 ||    21

Table legend: (Time is in decaauts)
 A = Elapsed time spent in this place.
 B = Non-inter-level travel time spent in this place.
 C = Inter-level travel time spent in this place.
 D = Time resting spent in this place.
 E = Time spent auto-exploring this place.
 F = Levels seen in this place.
 G = Mean time per level.
                   A        B        C        D        E       F      G
               +--------+--------+--------+--------+--------+-----+--------+
         Total |    205 |    205 |      0 |      0 |     65 |   1 |  205.0 |
       Dungeon |    205 |    205 |      0 |      0 |     65 |   1 |  205.0 |
               +--------+--------+--------+--------+--------+-----+--------+

Top non-repeatable levels by time:
       D: 205 daAuts
